 Dungeon Crawl Stone Soup version 0.29-a0-643-ga013cefcf8 (webtiles) character file.

Game seed: 1347947584154773967

5245 frimble the Reanimator (level 10, -14/61 HPs)
             Began as an Octopode Warper on June 20, 2022.
             Was a Follower of Ashenzari.
             Demolished by a two-headed ogre
             ... wielding a +0 giant spiked club
              (19 damage)
             ... on level 9 of the Dungeon.
             The game lasted 00:29:08 (8980 turns).

frimble the Reanimator (Octopode Warper)            Turns: 8980, Time: 00:29:09

Health: -14/61     AC:  8    Str: 22    XL:     10   Next: 62%
Magic:  6/13       EV: 13    Int: 19    God:    Ashenzari [*.....]
Gold:   359        SH:  0    Dex: 13    Spells: 3/14 levels left

rFire   + + .      SeeInvis .   s - +10 hunting sling "Civac" {speed, Fragile rElec rPois Str+2}
rCold   + . .      Faith    .   (no shield)
rNeg    . . .      Spirit   .   (helmet restricted)
rPois   +          Reflect  .   u - amulet of the Celestial Augur {Regen+, Self, Alch} (curse)
rElec   +          Harm     .   o - ring of poison resistance
rCorr   .          Rampage  .   k - ring of flight
Will    .....                   p - ring of the Wild Blue Yonder {Str+6, Bglg, Melee} (curse)
Stlth   ++++......              t - ring "Laahe" {rF++ rC+ Str-2}
HPRegen 1.00/turn               I - +6 ring of strength
MPRegen 0.13/turn               (no ring)
                                (no ring)
                                (no ring)

@: ice-armoured, on blink cooldown, flying, studying Long Blades
A: almost no armour, amphibious, 8 rings, camouflage 1, gelatinous body 1,
(nimble swimmer 1), tentacles
a: Renounce Religion, Shatter the Chains


You were on level 9 of the Dungeon.
You worshipped Ashenzari.
Ashenzari was aware of your devotion.
You visited 2 branches of the dungeon, and saw 10 of its levels.

You collected 359 gold pieces.

Inventory:

Hand Weapons
 a - a +3 great sword
 d - a +0 dagger of speed
 s - the +10 hunting sling "Civac" (weapon) {speed, Fragile rElec rPois Str+2}
   (You found it on level 7 of the Dungeon)

   Attacks with this weapon are significantly faster.
   Str:       It affects your strength (+2).
   rElec:     It insulates you from electricity.
   rPois:     It protects you from poison.
   Fragile:   It will be destroyed if unequipped.
 x - a +3 short sword
Missiles
 c - 5 boomerangs of dispersal
 A - a throwing net
 B - 5 boomerangs
Jewellery
 k - a ring of flight (right tentacle)
 o - a ring of poison resistance (left tentacle)
 p - the cursed ring of the Wild Blue Yonder (on tentacle) {Str+6, Bglg, Melee}
   (You found it on level 4 of the Dungeon)

   [ring of strength]

   Str:       It affects your strength (+6).
   It has a curse which improves the following skills: Beguiling: Conjurations,
   Hexes and Translocations.
   Melee Combat: Short Blades, Long Blades, Axes, Maces & Flails, Polearms,
   Staves and Unarmed Combat.
 t - the ring "Laahe" (on tentacle) {rF++ rC+ Str-2}
   (You acquired it on level 5 of the Dungeon)

   [ring of protection from cold]

   Str:       It affects your strength (-2).
   rF:        It greatly protects you from fire.
   rC:        It protects you from cold.
 u - the cursed amulet of the Celestial Augur (around mantle) {Regen+, Self, Alch}
   (You found it on level 5 of the Dungeon)

   [amulet of regeneration]

   Regen:     It increases your rate of health regeneration.
   It has a curse which improves the following skills: Introspection: Fighting
   and Spellcasting.
   Alchemy:   Poison Magic and Transmutations.
 I - a +6 ring of strength (on tentacle)
Wands
 l - a wand of paralysis (13)
 n - a wand of digging (2)
 y - a wand of mindburst (1)
 F - a wand of iceblast (9)
Scrolls
 b - 3 scrolls of blinking
 q - 4 scrolls of teleportation
 w - 2 scrolls of silence
 C - a scroll of enchant armour
 D - a scroll of fog
 E - a scroll of fear
 J - a scroll of torment
 K - a scroll of identify
 M - a scroll of enchant weapon
Potions
 e - 3 potions of flight
 f - 8 potions of curing
 g - 5 potions of brilliance
 h - a potion of might
 i - a potion of haste
 j - a potion of ambrosia
 m - a potion of berserk rage
 r - 3 potions of attraction
 v - a potion of lignification
 z - 2 potions of heal wounds
 G - 2 potions of cancellation
 H - a potion of mutation
 L - a potion of invisibility


   Skills:
 - Level 2.0(2.6) Fighting
 - Level 5.8(8.2) Short Blades
 - Level 7.2(9.0) Long Blades
 + Level 4.6(4.8) Slings
 - Level 2.0(3.5) Throwing
 - Level 2.3 Dodging
 - Level 7.0 Stealth
 - Level 2.0(2.6) Spellcasting
 - Level 8.0 Necromancy
 - Level 4.2(5.1) Translocations
 - Level 0.6(1.1) Transmutations
 - Level 6.0 Ice Magic
 - Level 0.6 Earth Magic
 - Level 3.0 Evocations


You had 3 spell levels left.
You knew the following spells:

 Your Spells              Type           Power      Damage    Failure   Level
a - Blink                 Tloc           42%        N/A       3%          2
b - Passwall              Tmut/Erth      4%         N/A       17%         2
c - Ozocubu's Armour      Ice            25%        N/A       4%          3
d - Dispel Undead         Necr           32%        3d14      6%          4

Your spell library contained the following spells:

 Spells                   Type           Power      Damage    Failure   Level
 Gell's Gravitas          Tloc           21%        N/A       6%          3
 Lesser Beckoning         Tloc           21%        N/A       6%          3
 Teleport Other           Tloc           21%        N/A       6%          3
 Ensorcelled Hibernation  Hex/Ice        28%        N/A       7%          2
 Magic Dart               Conj           8%         1d3       16%         1
 Call Imp                 Summ           2%         N/A       24%         2
 Mephitic Cloud           Conj/Pois/Air  2%         N/A       43%         3
 Swiftness                Air            2%         N/A       43%         3
 Corpse Rot               Necr/Pois/Air  12%        N/A       45%         4
 Manifold Assault         Tloc           21%        N/A       47%         5
 Borgnjor's Vile Clutch   Necr/Erth      9%         N/A       58%         5
 Death Channel            Necr           16%        N/A       67%         6
 Dispersal                Tloc           10%        N/A       96%         6
 Alistair's Intoxication  Tmut/Pois      2%         N/A       98%         5
 Eringya's Noxious Bog    Tmut/Pois      2%         N/A       100%        6
 Ozocubu's Refrigeration  Ice            12%        4d7       100%        7


Dungeon Overview and Level Annotations

Branches:
Dungeon (9/15)             Temple (1/1) D:5            Lair (0/6) D:8
    Orc (0/2) D:9

Altars:
Ashenzari
Dithmenos
Elyvilon
Fedhas
Hepliaklqana
Kikubaaqudgha
Makhleb
Nemelex Xobeh
Okawaru
Qazlal
Ru
Sif Muna
Trog
Uskayaw
Vehumet
Wu Jian
Xom
Yredelemnul
Zin
The Shining One

Shops:
D:2 (   D:3 (   D:6 *

Annotations:
D:8 exclusions: centaur, death yak and downstairs


Innate Abilities, Weirdness & Mutations

You cannot wear most types of armour.
You are amphibious.
You can wear up to eight rings at the same time.
Your skin changes colour to match your surroundings (Stealth+).
Your rubbery body absorbs attacks. (AC +1, EV +1)
((You are camouflaged when in or above water. (Stealth+)))
You have tentacles for arms and can constrict up to eight enemies at once.


Message History

The two-headed ogre is severely wounded.
The two-headed ogre hits you with a +0 giant spiked club!!
Ouch! That really hurt!
The two-headed ogre closely misses you.
You are too injured to fight recklessly!
You are too injured to fight recklessly!
Fire: s) +10 hunting sling "Civac" {speed, Fragile rElec rPois Str+2}
Press: ? - help, Q - select action, (/) - cycle Shift-Dir - straight line, f/p - two-headed ogre
Aim: a two-headed ogre, wielding a +0 giant spiked club and a +0 giant club (severely wounded, 80% to hit)
You shoot a sling bullet.
The sling bullet barely misses the two-headed ogre.
The two-headed ogre closely misses you.
The two-headed ogre hits you but does no damage.
Casting: Ozocubu's Armour (dangerous; 4% risk of failure)
Confirm with . or Enter, or press ? or * to list all spells.
Your icy armour will break if you move.
Continue?
You blink.
Your icy armour cracks and falls away as you move.
Okay, then.
Unknown command.
Casting: Blink (safe; 3% risk of failure)
Confirm with . or Enter, or press ? or * to list all spells.
A film of ice covers your body! The two-headed ogre barely misses you.
The two-headed ogre hits you with a +0 giant club!!
* * * LOW HITPOINT WARNING * * *
Fire: s) +10 hunting sling "Civac" {speed, Fragile rElec rPois Str+2}
Press: ? - help, Q - select action, (/) - cycle Shift-Dir - straight line, f/p - two-headed ogre
Aim: a two-headed ogre, wielding a +0 giant spiked club and a +0 giant club (severely wounded, 80% to hit)
You shoot a sling bullet.
The sling bullet hits the two-headed ogre.
The two-headed ogre is severely wounded.
Fire: s) +10 hunting sling "Civac" {speed, Fragile rElec rPois Str+2}
Press: ? - help, Q - select action, (/) - cycle Shift-Dir - straight line, f/p - two-headed ogre
Aim: a two-headed ogre, wielding a +0 giant spiked club and a +0 giant club (severely wounded, 80% to hit)
You shoot a sling bullet.
The sling bullet hits the two-headed ogre!
The two-headed ogre is almost dead.
The two-headed ogre barely misses you.
The two-headed ogre hits you with a +0 giant club!!
You die...

# #.)# #..# ##.# ##.# #.# #.# #.#
#######.## #######'######
.........# ###..<.........#
.........# .##............#
.........# ##
.##............#####........<# #.
.##...........§O@..#.........# #.
..+............###.#..(......###.
###............# ..........##..
############## ............#
.........#### ##########


You could see a two-headed ogre.

Vanquished Creatures
  Pikel (D:7)
  A shadow (D:9)
  5 yaks
  A wyvern (D:7)
  Menkaure (D:5)
  An acid dragon (D:8)
  3 water moccasins (D:7)
  An ice beast (D:6)
  A sky beast (D:7)
  4 centaurs
  2 phantoms (D:9)
  A kobold brigand (D:9)
  Blork the orc (D:5)
  3 bullfrogs
  2 scorpions (D:6)
  A gnoll sergeant (D:7)
  17 wights
  2 troll zombies (D:9)
  4 killer bees (D:9)
  A vampire bat (D:5)
  A jelly (D:7)
  A hound (D:5)
  2 gnoll shamans
  3 orc priests
  3 iguanas
  3 orc wizards
  6 ogre zombies (D:9)
  10 gnolls
  7 adders
  3 white imps (D:5)
  2 worms
  3 dart slugs
  3 fire bats (D:5)
  17 orcs
  2 spectral bats (D:5)
  A bat simulacrum (D:5)
  3 bat skeletons (D:5)
  A bat zombie (D:5)
  5 endoplasms
  2 goblins
  14 hobgoblins
  4 jackals
  16 kobolds
  5 quokkas
  3 ball pythons
  13 bats
  3 frilled lizards
  A goblin skeleton (D:9)
  A goblin zombie (D:9)
  3 hobgoblin skeletons (D:9)
  4 hobgoblin zombies (D:9)
  3 orc skeletons (D:9)
  13 orc zombies (D:9)
  8 rats
222 creatures vanquished.

Notes
Turn   | Place    | Note
-------+----------+-------------------------------------------
     0 | D:1      | frimble the Octopode Warper began the quest for the Orb.
     0 | D:1      | Reached XP level 1. HP: 14/14 MP: 3/3
    26 | D:1      | Reached skill level 1 in Stealth
   113 | D:1      | Reached XP level 2. HP: 19/19 MP: 5/5
   160 | D:1      | Found a faded altar of an unknown god.
   674 | D:1      | Reached XP level 3. HP: 21/24 MP: 6/6
   962 | D:2      | Found Luma's Antique Weapon Boutique.
  1831 | D:2      | Reached XP level 4. HP: 29/29 MP: 7/7
  1853 | D:2      | Learned a level 2 spell: Blink
  2336 | D:3      | Reached skill level 1 in Short Blades
  2511 | D:3      | Found Laloel's Weapon Shoppe.
  2599 | D:3      | Reached XP level 5. HP: 20/34 MP: 8/8
  3593 | D:4      | Noticed an ogre
  4003 | D:5      | Entered Level 5 of the Dungeon
  4016 | D:5      | Identified a scroll of acquirement
  4016 | D:5      | Acquired the ring "Laahe" {rF++ rC+ Str-2}
  4059 | D:5      | Learned a level 2 spell: Passwall
  4248 | D:5      | Reached XP level 6. HP: 23/39 MP: 9/9
  4385 | D:5      | Reached skill level 5 in Stealth
  4427 | D:5      | Learned a level 3 spell: Ozocubu's Armour
  4444 | D:5      | Noticed Blork the orc
  4447 | D:5      | Killed Blork the orc
  4448 | D:5      | Reached skill level 1 in Evocations
  4642 | D:6      | Reached skill level 1 in Ice Magic
  4653 | D:7      | Noticed a sky beast
  4660 | D:7      | Killed a sky beast
  4661 | D:7      | Reached XP level 7. HP: 45/45 MP: 10/10
  4781 | D:7      | Noticed a wyvern
  4918 | D:6      | Reached XP level 8. HP: 37/50 MP: 11/11
  5112 | D:5      | Found a staircase to the Ecumenical Temple.
  5123 | Temple   | Entered the Ecumenical Temple
  5296 | Temple   | Became a worshipper of Ashenzari the Shackled
  5373 | D:5      | Noticed Menkaure
  5652 | D:6      | Learned a level 4 spell: Dispel Undead
  5757 | D:6      | Reached skill level 1 in Necromancy
  5775 | D:7      | Noticed a yak
  5807 | D:7      | Found a stormy altar of Qazlal.
  5814 | D:7      | Noticed a yak
  5814 | D:7      | Noticed a yak
  5814 | D:7      | Noticed a yak
  5815 | D:7      | Noticed a yak
  5819 | D:7      | Noticed Pikel
  5836 | D:7      | Killed Pikel
  5837 | D:7      | Reached skill level 5 in Short Blades
  5837 | D:7      | Reached skill level 3 in Necromancy
  5837 | D:7      | Reached XP level 9. HP: 46/54 MP: 12/12
  5855 | D:7      | Reached skill level 5 in Ice Magic
  5857 | D:7      | Learned a level 1 spell: Magic Dart
  6002 | D:8      | Noticed a death yak
  6002 | D:8      | Found a staircase to the Lair.
  6052 | D:8      | Noticed a death yak
  6304 | D:5      | Reached skill level 4 in Necromancy
  6677 | D:5      | Killed Menkaure
  6786 | D:5      | Reached skill level 5 in Necromancy
  6940 | D:6      | Found Eniywn's Elemental Accessories.
  7079 | D:6      | Reached skill level 6 in Necromancy
  7313 | D:7      | Reached skill level 5 in Long Blades
  7319 | D:7      | Reached XP level 10. HP: 52/60 MP: 6/13
  7549 | D:7      | Reached skill level 7 in Necromancy
  7867 | D:7      | Identified the +10 hunting sling "Civac" {speed, Fragile
                  | rElec rPois Str+2}
  8250 | D:9      | Reached skill level 1 in Slings
  8380 | D:9      | Reached skill level 8 in Necromancy
  8571 | D:9      | Found a staircase to the Orcish Mines.
  8637 | D:9      | Reached * piety under Ashenzari
  8969 | D:9      | Noticed a two-headed ogre
  8978 | D:9      | HP: 3/61 [two-headed ogre/+0 giant spiked club (29)]
  8980 | D:9      | Demolished by a two-headed ogre

Illustrated notes

Levels and vault maps discovered:
D:1:      doesnt_arrival_eight_statues, layout_basic,
          shapermc_ecumenical_altar_mp_vishouse
D:2:      layout_loops_corners, serial_shops, shop, minmay_distorted
D:3:      layout_basic, serial_shops, shop
D:4:      layout_basic
D:5:      layout_loops_corners, minmay_temple_entry_glassed_door,
          hangedman_decor_peaks_small, minmay_hedge_maze, goddamned_bats,
          uniq_blork_the_orc, uniq_menkaure
D:6:      layout_rooms, st_stairs_2, nicolae_elemental_shop, minmay_manual_mares
D:7:      layout_rooms, nicolae_qazlal_general_emergency, minivault_5,
          minmay_fractal_squares_gapless_5, uniq_pikel
D:8:      layout_rooms, dpeg_lair_monsters
D:9:      layout_roguey, zombieorc2_lemuel, minmay_misc_feat_chi
Temple:   mainiacjoe_temple_starburst

Skill      XL: |  1  2  3  4  5  6  7  8  9 10 |
---------------+-------------------------------+-----
Stealth        | 1 2 3 4 5 7 |  7.0
Long Blades    | 3 5 7 |  7.2
Short Blades   | 1 2 3 4 5 |  5.8
Evocations     | 2 3 |  3.0
Ice Magic      | 1 3 4 6 |  6.0
Translocations | 4 |  4.2
Necromancy     | 3 6 8 |  8.0
Throwing       | 2 |  2.0
Slings         | 4 |  4.6
Fighting       | |  2.0
Dodging        | |  2.3
Spellcasting   | |  2.0
Transmutations | |  0.6
Earth Magic    | |  0.6

Action                   |  1- 3 |  4- 6 |  7- 9 | 10-12 || total
-------------------------+-------+-------+-------+-------++-------
Melee: Falchion          |    63 |       |       |       ||    63
       Constrict         |    14 |    27 |    37 |    13 ||    91
       Tentacles         |    13 |    38 |    74 |    17 ||   142
       Dagger            |     8 |   132 |   255 |    43 ||   438
       Punch             |       |     2 |     3 |     2 ||     7
       Great sword       |       |       |       |    23 ||    23
 Fire: Hunting sling     |       |       |       |   170 ||   170
Throw: Boomerang         |       |       |    24 |     2 ||    26
 Cast: Blink             |       |     1 |     3 |     1 ||     5
       Ozocubu's Armour  |       |       |     8 |    10 ||    18
       Magic Dart        |       |       |     5 |       ||     5
       Dispel Undead     |       |       |     4 |     4 ||     8
Invok: Curse Item        |       |       |     1 |     1 ||     2
Evoke: Wand              |       |       |    12 |       ||    12
  Use: Scroll            |     4 |     6 |     6 |     3 ||    19
       Potion            |       |       |     1 |       ||     1
 Stab: Distracted        |     1 |       |     2 |       ||     3
       Sleeping          |     8 |    10 |    10 |     3 ||    31
       Paralysed         |       |       |     2 |       ||     2
Armor: Skin              |     7 |     3 |    21 |    16 ||    47
Dodge: Dodged            |    43 |    48 |   105 |    71 ||   267

Table legend: (Time is in decaauts)
 A = Elapsed time spent in this place.
 B = Non-inter-level travel time spent in this place.
 C = Inter-level travel time spent in this place.
 D = Time resting spent in this place.
 E = Time spent auto-exploring this place.
 F = Levels seen in this place.
 G = Mean time per level.
                   A        B        C        D        E       F      G
               +--------+--------+--------+--------+--------+-----+--------+
         Total |   8785 |   8270 |    515 |    405 |   6076 |  10 |  878.5 |
       Dungeon |   8559 |   8100 |    459 |    405 |   5907 |   9 |  951.0 |
        Temple |    225 |    170 |     55 |      0 |    169 |   1 |  225.0 |
               +--------+--------+--------+--------+--------+-----+--------+

Top non-repeatable levels by time:
     D:5: 1656 daAuts
     D:3: 1210 daAuts
     D:7: 1158 daAuts
     D:2: 1140 daAuts
     D:1: 967 daAuts
     D:9: 739 daAuts
     D:6: 691 daAuts
     D:4: 661 daAuts
     D:8: 334 daAuts
  Temple: 225 daAuts
